Description

Easy basic 2 base roach timing into macro. The point is to skip ling speed and get plus one and roach speed.

Replay - Simple 2 base roach timing +1 and Speed

Build Order

Get SALT Encoding   

  12  0:01  Drone  
  13  0:12  Overlord  
  13  0:16  Drone  
  14  0:31  Drone x2  
  16  0:49  Hatchery  
  15  0:52  Drone x2  
  17  1:00  Drone  
  18  1:11  Extractor  
  17  1:17  Spawning Pool  
  16  1:19  Drone x2  
  18  1:28  Drone  
  20  1:50  Overlord  
  20  2:03  Queen x2  
  20  2:05  Zergling x4  
  32  2:44  Overlord  
  32  2:45  Lair  
  33  2:52  Evolution Chamber  in wall
  34  3:02  Roach Warren  in wall
  34  3:07  Evolution Chamber  in wall
  41  3:24  Zerg Missile Weapons Level 1  
  41  3:26  Overlord  
  43  3:35  Extractor x2  
  43  3:39  Overlord  
  41  3:42  Glial Reconstitution  
  46  4:04  Roach x3  
  52  4:16  Roach x5  
  62  4:29  Roach x2  
  76  5:03  Hatchery  
  84  5:33  Extractor  
Spawning Tool Build Advisor. Get it on Overwolf

Analysis

(By design this isnt an all in. Its possible to accidentally put yourself all in if you do not expand and drone behind the attack.)

Your goal is 3 gas and 2 base mineral saturation then make roaches and you move across the map when plus one missle and roach speed are about 30 seconds from finishing. If done right you should arrive right as speed and plus one are finishing. !!!! This attack is the most important part of the build. It needs to hit as fast as possible. Do not hesitate. Even if you have 4 roaches when the upgrades are close to finishing send them and rally the rest across to reinforce.!!!!

This is considered a timing attack and a very inportant concept to learn. We are timing our attack with roach speed and plus 1 to take advantage of any upgrade windows we have earned by getting them so rapidly. As you progress up the ranks timing attacks will become very vital. Always be trying to make sense of any aggression you apply by timing them with things like upgrades, specific units, and or a knowledge of opponent build order weaknesses.

Behind the attack you take a third and can choose to macro or reinforce.

Go to:

Details

  • Created by: IIEleven11
  • Published on: Aug 07, 2022
  • Modified on: Dec 08, 2022
  • Patch: 4.11.0
  • Difficulty: Easy
Show
View Real Time Build Order
Export as new Build Order

Comments (0)

There are no comments. Be the first!

Create an account to comment!